 Dungeon Crawl Stone Soup version 0.21-a0-358-g8928369 (webtiles) character file.

80721 terra52 the Infuser (level 15, -3/118 HPs)
             Began as a Gnoll Skald on Oct 12, 2017.
             Was an Initiate of Gozag.
             Drowned by a drowned soul (17 damage)
             ... summoned by a merfolk avatar
             ... on level 4 of the Shoals.
             The game lasted 01:47:48 (17346 turns).

terra52 the Infuser (Gnoll Skald)                  Turns: 17346, Time: 01:47:48

Health: -3/118     AC: 18    Str: 19    XL:     15   Next: 67%
Magic:  16/30      EV: 31    Int: 30    God:    Gozag
Gold:   801        SH: 16    Dex: 32    Spells: 23/36 levels left

rFire    . . .     SeeInvis +   u - +5 quick blade of Exquisite Death {flame, Dex+4}
rCold    . . .     Gourm    .   V - +1 buckler {AC+3}
rNeg     + + +     Faith    .   L - +5 robe of Night {Dark MR+ SInv}
rPois    +         Spirit   .   q - +0 helmet
rElec    +         Reflect  +   D - +2 cloak of the Thief {+Fog Slay-2 SInv Stlth+}
rCorr    .         Harm     .   G - +0 pair of gloves {Str+3}
MR       ++++.                  P - +0 pair of boots "Tyliyjij" {rPois rN+ Int+4 Dex+2} (curse)
Stlth    +++++++...             Y - amulet of Luseviu {Reflect rElec Int+4 Dex+3 SH+6}
HPRegen  1.29/turn              p - ring "Addye" {rN++ Str+3 Slay+2}
MPRegen  0.22/turn              R - ring "Udafo" {+Fly MR++ Dex+3}

@: agile, infused, singing, gold aura, flying, regenerating, hasted, very quick
A: distributed training, fangs 1, strong nose
a: Potion Petition, Call Merchant, Bribe Branch, Renounce Religion, Evoke Fog


You were on level 4 of the Shoals.
You worshipped Gozag.
Gozag was pleased with you.
You were full.

You visited 5 branches of the dungeon, and saw 25 of its levels.
You also visited: Ossuary and Ice Cave.

You collected 6314 gold pieces.
You spent 2780 gold pieces at shops.
You paid 2733 gold pieces to Gozag.

Inventory:

Hand Weapons
 b - the +1 falchion of Judgement {pain, rC+ MR++ Int+3}
   (You found it on level 6 of the Lair of Beasts)

   In the hands of one skilled in necromantic magic, it inflicts extra damage on
   living creatures.
   It affects your intelligence (+3).
   It protects you from cold.
   It affects your resistance to hostile enchantments.
 u - the +5 quick blade of Exquisite Death (weapon) {flame, Dex+4}
   (You bought it in a shop on level 9 of the Dungeon)

   It has been specially enchanted to burn those struck by it, causing extra
   injury to most foes and up to half again as much damage against particularly
   susceptible opponents.
   It affects your dexterity (+4).
Armour
 q - a +0 helmet (worn)
 D - the +2 cloak of the Thief (worn) {+Fog Slay-2 SInv Stlth+}
   (You bought it in a shop on level 1 of the Shoals)

   It affects your accuracy and damage with ranged weapons and melee attacks
   (-2).
   It lets you see invisible.
   It makes you more stealthy.
 G - a +0 pair of gloves of strength (worn)
 L - the +5 robe of Night (worn) {Dark MR+ SInv}
   (You bought it in a shop on level 1 of the Shoals)

   It affects your resistance to hostile enchantments.
   It lets you see invisible.
 P - the cursed +0 pair of boots "Tyliyjij" (worn) {rPois rN+ Int+4 Dex+2}
   (You bought it in a shop on level 11 of the Dungeon)

   It affects your intelligence (+4).
   It affects your dexterity (+2).
   It protects you from poison.
   It protects you from negative energy.
   It has a curse placed upon it.
 V - a +1 buckler of protection (worn)
Jewellery
 p - the ring "Addye" (left hand) {rN++ Str+3 Slay+2}
   (You found it on level 2 of the Shoals)

   [ring of strength]

   It affects your strength (+3).
   It affects your accuracy and damage with ranged weapons and melee attacks
   (+2).
   It greatly protects you from negative energy.
 y - an uncursed ring of protection from cold
 H - an uncursed amulet of magic regeneration
 M - an uncursed ring of flight
 R - the ring "Udafo" (right hand) {+Fly MR++ Dex+3}
   (You found it on level 9 of the Dungeon)

   [ring of flight]

   It affects your dexterity (+3).
   It affects your resistance to hostile enchantments.
   It lets you fly.
 S - a +4 ring of dexterity
 Y - the amulet of Luseviu (around neck) {Reflect rElec Int+4 Dex+3 SH+6}
   (You acquired it on level 4 of the Lair of Beasts)

   [amulet of reflection]

   It shields you and reflects attacks.
   It affects your intelligence (+4).
   It affects your dexterity (+3).
   It insulates you from electricity.
   It affects your SH (+6).
Wands
 l - a wand of digging (10/24)
 r - a wand of enslavement (8/24)
 z - a wand of confusion (10/48)
 C - a wand of clouds (4/9)
 I - a wand of paralysis (8/24)
 J - a wand of lightning (5/15)
 N - a wand of iceblast (6/15)
 Z - a wand of acid (3/15)
Scrolls
 c - 2 scrolls of summoning
 e - 5 scrolls of amnesia
 g - 4 scrolls of identify
 i - 3 scrolls of fog
 j - 10 scrolls of teleportation
 m - 3 scrolls of enchant armour {unknown}
 o - 3 scrolls of blinking {unknown}
 v - 2 scrolls of recharging
 x - 5 scrolls of immolation
 A - 2 scrolls of fear
 B - a scroll of magic mapping
 F - 6 scrolls of remove curse
 Q - 3 scrolls of enchant weapon
 W - 2 scrolls of noise {unknown}
 X - 2 scrolls of vulnerability {unknown}
Potions
 f - 5 potions of mutation
 k - 10 potions of curing
 n - a potion of ambrosia
 s - 2 potions of cancellation
 t - 7 potions of resistance
 E - 2 potions of berserk rage
 O - 4 potions of agility
 T - a potion of haste
 U - 4 potions of heal wounds
Books
 a - the Compendium of Dislocated Aid
   (You found it on level 12 of the Dungeon)

   Spells                             Type                      Level
   a - Song of Slaying                Charms                       2
   b - Swiftness                      Charms/Air                   2
   c - Recall                         Summoning/Translocation      3
   d - Deflect Missiles               Charms/Air                   6
   e - Ring of Flames                 Charms/Fire                  7
Miscellaneous
 K - a lamp of fire
Comestibles
 d - 12 bread rations
 h - 3 meat rations


   Skills:
 + Level 11.0 Fighting
 + Level 10.1 Short Blades
 + Level 10.1 Long Blades
 + Level 10.1 Axes
 + Level 10.1 Maces & Flails
 + Level 11.0 Polearms
 + Level 10.1 Staves
 + Level 10.1 Slings
 + Level 10.1 Bows
 + Level 10.1 Crossbows
 + Level 10.1 Throwing
 + Level 10.4 Armour
 + Level 11.0 Dodging
 + Level 10.1 Stealth
 + Level 10.1 Shields
 + Level 10.1 Unarmed Combat
 + Level 11.1 Spellcasting
 + Level 10.1 Conjurations
 + Level 10.1 Hexes
 + Level 11.8 Charms
 + Level 10.1 Summonings
 + Level 10.1 Necromancy
 + Level 10.1 Translocations
 + Level 10.1 Transmutations
 + Level 10.1 Fire Magic
 + Level 10.1 Ice Magic
 + Level 10.1 Air Magic
 + Level 10.1 Earth Magic
 + Level 10.1 Poison Magic
 + Level 10.1 Invocations
 + Level 10.1 Evocations


You had 23 spell levels left.
You knew the following spells:

 Your Spells              Type           Power        Failure   Level  Hunger
a - Infusion              Chrm           ####         1%          1    None
b - Regeneration          Chrm/Necr      ######....   1%          3    None
c - Spectral Weapon       Hex/Chrm       ######..     1%          3    None
d - Shroud of Golubria    Chrm/Tloc      ######....   1%          2    None
e - Song of Slaying       Chrm           ######..     1%          2    None
f - Swiftness             Chrm/Air       ######..     1%          2    None


Dungeon Overview and Level Annotations

Branches:
Dungeon (12/15)            Temple (0/1) D:7            Lair (6/6) D:10
 Shoals (4/4) Lair:2        Snake (1/4) Lair:2          Orc (2/2) D:12
    Elf (0/3) Orc:2
  Slime: Lair:5-6

Altars:
Dithmenos
Fedhas
Gozag
Hepliaklqana
Nemelex Xobeh
Okawaru
Vehumet
Wu Jian

Shops:
D:4 %   D:9 (   D:11 [   Shoals:1 [

Annotations:
D:4 firebrand's ghost, novice GrFi
Orc:2 Azrael; Rupert


Innate Abilities, Weirdness & Mutations

Your experience applies equally to all skills.
You have very sharp teeth.
Your uncanny sense of smell can sniff out nearby items.


Message History

You now have 801 gold pieces (gained 4).
You hear a splash. x2
Your lamp of fire has recharged.
Shadowy forms rise from the deep at the merfolk avatar's song!
The harpy claws you!
* * * LOW HITPOINT WARNING * * *
You block the harpy's attack.
You hit the merfolk avatar. You burn the merfolk avatar.
You bite the merfolk avatar.
The merfolk avatar is lightly wounded.
You hit the merfolk avatar but do no damage.
You bite the merfolk avatar, but do no damage.
The merfolk avatar is lightly wounded.
The harpy is distracted by the nearby gold.
The harpy screeches!
You hit the merfolk avatar. You burn the merfolk avatar.
The merfolk avatar is moderately wounded.
The drowned soul touches you. The drowned soul drowns you!
You die...
Your body crumbles into a pile of gold.

≈#P#≈≈≈≈≈≈≈ $
≈≈≈≈...≈≈.≈
≈≈≈.......≈≈
≈≈≈...≈..≈≈≈
≈≈≈≈≈..≈≈≈≈≈.
≈≈≈≈≈≈≈.≈≈≈≈≈.
≈≈≈≈§§§§.≈m≈≈..
≈≈.≈≈≈≈§§W§@H≈≈H.
≈....≈≈≈≈≈§.≈≈≈≈≈.
≈....≈≈≈≈≈..≈≈≈≈≈.
≈....≈≈≈$≈≈≈≈≈≈≈≈.
≈≈....≈≈.≈≈≈≈≈####
≈ ≈≈....<.≈≈≈≈≈##
≈≈ ##....≈≈≈≈≈≈#
≈≈.##.≈[....≈≈≈#
≈≈.....≈....≈≈≈#


You could see a merfolk avatar, 2 harpies and a drowned soul.

Vanquished Creatures
  A stone giant (Shoals:3)
  2 very ugly things (IceCv)
  A merfolk javelineer (Shoals:3)
  An ettin (Orc:1)
  A merfolk impaler (Shoals:2)
  Snorg (Lair:4)
  A fire dragon (Lair:6)
  Josephine (Orc:1)
  Fannar (D:10)
  Harold (Lair:3)
  3 hydras
  A merfolk avatar (Shoals:1)
  An anaconda (Lair:2)
  A merfolk aquamancer (Shoals:4)
  3 two-headed ogres
  17 death yaks
  2 orc high priests (Orc:2)
  Urug (D:10)
  A fire crab (Lair:6)
  A sea snake (Shoals:2)
  An unseen horror (shapeshifter) (D:12)
  Pikel (D:4)
  2 harpies (Shoals:3)
  5 fauns
  5 orc sorcerers
  A manticore (Shoals:2)
  2 cyclopes (Shoals:3)
  An ugly thing (D:12)
  Joseph (D:8)
  5 merfolk sirens
  9 elephants
  10 black mambas
  A water nymph (Shoals:1)
  2 molten gargoyles (Lair:6)
  6 ice statues
  7 spiny frogs
  A rime drake (Lair:5)
  6 komodo dragons
  An anaconda simulacrum (IceCv)
  A polar bear (Lair:3)
  A golden dragon simulacrum (IceCv)
  5 trolls
  7 merfolk
  Prince Ribbit (Lair:3)
  A hornet (D:12)
  14 blink frogs
  9 hippogriffs
  3 slime creatures (D:10)
  4 snapping turtles
  A spriggan (D:7)
  2 water elementals (Shoals:4)
  5 wraiths
  10 basilisks
  2 wyverns
  2 steam dragons (Lair:6)
  23 yaks
  A vampire mosquito (D:12)
  Menkaure (D:4)
  A warg (Orc:1)
  3 nagas (Lair:2)
  2 harpy simulacra (IceCv)
  2 iron troll simulacra (IceCv)
  2 hydra simulacra (IceCv)
  12 water moccasins
  4 hell hounds
  10 porcupines
  Duvessa (D:5)
  2 sky beasts
  17 orc warriors
  10 ice beasts
  3 black bears
  An ettin simulacrum (IceCv)
  10 ogres
  A slave (D:3)
  3 wolves (Lair:5)
  12 crocodiles
  11 centaurs
  An elf zombie (Ossuary)
  4 big kobolds
  Blork the orc (D:4)
  9 bullfrogs
  A wyvern zombie (D:8)
  5 scorpions
  Dowan (D:5)
  9 killer bees
  6 howler monkeys
  A crimson imp (D:10)
  3 lava snakes (Lair:6)
  5 centaur zombies
  6 hounds
  A bullfrog zombie (D:8)
  2 bullfrog skeletons
  A human zombie (Ossuary)
  3 jellies
  A quasit (D:11)
  18 orc priests
  Crazy Yiuf (D:4)
  A centaur skeleton (D:11)
  26 orc wizards
  2 iguanas
  Natasha (D:2)
  13 worker ants
  2 killer bee zombies
  2 hound skeletons
  3 mummies (Ossuary)
  A worker ant zombie (D:7)
  15 adders
  14 gnolls
  A river rat (D:4)
  4 shadow imps
  An ooze (D:4)
  An adder skeleton (D:4)
  An adder zombie (D:5)
  3 worms
  4 dart slugs
  5 leopard geckos
  68 orcs
  2 giant cockroaches
  7 goblins
  3 jackals (D:2)
  21 kobolds
  5 quokkas
  4 ball pythons
  8 bats
  2 gnoll zombies (Ossuary)
  2 goblin zombies (Ossuary)
  2 hobgoblin zombies (Ossuary)
  2 kobold zombies (Ossuary)
  A leopard gecko skeleton (D:5)
  2 rats
617 creatures vanquished.

Vanquished Creatures (collateral kills)
  A cyclops (Shoals:3)
  A merfolk siren (Shoals:3)
  A water elemental (Shoals:3)
3 creatures vanquished.

Vanquished Creatures (others)
  A hell hound (Lair:6)
  An orc warrior (Orc:2)
  An orc wizard (Orc:2)
  6 fungi
  9 spectral weapons
18 creatures vanquished.

Grand Total: 638 creatures vanquished

Notes
Turn   | Place    | Note
-------+----------+-------------------------------------------
     0 | D:1      | terra52 the Gnoll Skald began the quest for the Orb.
     0 | D:1      | Reached XP level 1. HP: 20/20 MP: 6/6
   201 | D:2      | Reached XP level 2. HP: 24/26 MP: 3/7
   292 | D:3      | Found a faded altar of an unknown god.
   322 | D:3      | Reached skill level 5 in Spellcasting
   322 | D:3      | Reached XP level 3. HP: 31/31 MP: 0/9
   380 | D:3      | Reached skill level 1 in Short Blades
   380 | D:3      | Reached skill level 1 in Long Blades
   380 | D:3      | Reached skill level 1 in Axes
   380 | D:3      | Reached skill level 1 in Maces & Flails
   380 | D:3      | Reached skill level 1 in Staves
   380 | D:3      | Reached skill level 1 in Slings
   380 | D:3      | Reached skill level 1 in Bows
   380 | D:3      | Reached skill level 1 in Crossbows
   380 | D:3      | Reached skill level 1 in Throwing
   380 | D:3      | Reached skill level 1 in Stealth
   380 | D:3      | Reached skill level 1 in Shields
   380 | D:3      | Reached skill level 1 in Unarmed Combat
   380 | D:3      | Reached skill level 1 in Conjurations
   380 | D:3      | Reached skill level 1 in Hexes
   380 | D:3      | Reached skill level 1 in Summonings
   380 | D:3      | Reached skill level 1 in Necromancy
   380 | D:3      | Reached skill level 1 in Translocations
   380 | D:3      | Reached skill level 1 in Transmutations
   380 | D:3      | Reached skill level 1 in Fire Magic
   380 | D:3      | Reached skill level 1 in Ice Magic
   380 | D:3      | Reached skill level 1 in Air Magic
   380 | D:3      | Reached skill level 1 in Earth Magic
   380 | D:3      | Reached skill level 1 in Poison Magic
   380 | D:3      | Reached skill level 1 in Invocations
   380 | D:3      | Reached skill level 1 in Evocations
   385 | D:3      | Learned a level 3 spell: Regeneration
   389 | D:3      | Learned a level 3 spell: Spectral Weapon
   392 | D:3      | Learned a level 2 spell: Shroud of Golubria
   395 | D:3      | Learned a level 2 spell: Song of Slaying
   493 | D:3      | Reached XP level 4. HP: 38/38 MP: 7/11
   634 | D:4      | Reached XP level 5. HP: 27/43 MP: 3/12
   728 | D:4      | Noticed Blork the orc
   733 | D:4      | Found a sand-covered staircase.
   738 | Ossuary  | Entered an ossuary
   738 | Ossuary  | Noticed a wraith
   738 | Ossuary  | Noticed a wraith
   738 | Ossuary  | Noticed a wraith
   829 | Ossuary  | Reached XP level 6. HP: 28/50 MP: 1/13
  1143 | Ossuary  | Noticed a wraith
  1162 | Ossuary  | Killed a wraith
  1162 | Ossuary  | Reached skill level 5 in Fighting
  1162 | Ossuary  | Reached skill level 5 in Polearms
  1162 | Ossuary  | Reached skill level 5 in Dodging
  1162 | Ossuary  | Reached XP level 7. HP: 14/56 MP: 11/15
  1243 | D:4      | Killed Blork the orc
  1332 | D:4      | Found a radiant altar of Vehumet.
  1380 | D:4      | Found an iron altar of Okawaru.
  1380 | D:4      | Found a hazy altar of Hepliaklqana.
  1384 | D:4      | Found an opulent altar of Gozag.
  1470 | D:2      | Noticed Natasha
  1478 | D:2      | Killed Natasha
  1802 | D:4      | Noticed Menkaure
  1819 | D:4      | Killed Menkaure
  1901 | D:4      | Became a worshipper of Gozag Ym Sagoz the Greedy
  1941 | D:4      | Found Zaramikkix's Food Shoppe.
  1949 | D:4      | Bought a meat ration for 70 gold pieces
  1973 | D:4      | Reached XP level 8. HP: 63/63 MP: 4/16
  2351 | D:4      | Found a runed door.
  2360 | D:4      | Noticed Crazy Yiuf
  2367 | D:4      | Killed Crazy Yiuf
  2496 | D:4      | Found a sparkling altar of Nemelex Xobeh.
  2596 | D:4      | Noticed firebrand's ghost (novice GrFi)
  2624 | D:5      | Entered Level 5 of the Dungeon
  2927 | D:7      | Noticed a hippogriff
  2936 | D:7      | Found an iron altar of Okawaru.
  2960 | D:7      | Killed a hippogriff
  2960 | D:7      | Reached XP level 9. HP: 19/69 MP: 2/18
  3091 | D:7      | Found a staircase to the Ecumenical Temple.
  3225 | D:6      | Reached skill level 5 in Armour
  3613 | D:9      | Got a scintillating platinum ring
  3615 | D:9      | Identified the ring "Udafo" {+Fly MR++ Dex+3} (You found it on level 9 of the Dungeon)
  3642 | D:9      | Noticed a two-headed ogre
  3654 | D:9      | Killed a two-headed ogre
  3654 | D:9      | Reached XP level 10. HP: 77/77 MP: 20/20
  3794 | D:9      | Found a blossoming altar of Fedhas.
  3869 | D:9      | Reached skill level 5 in Short Blades
  3869 | D:9      | Reached skill level 5 in Long Blades
  3869 | D:9      | Reached skill level 5 in Axes
  3869 | D:9      | Reached skill level 5 in Maces & Flails
  3869 | D:9      | Reached skill level 5 in Staves
  3869 | D:9      | Reached skill level 5 in Slings
  3869 | D:9      | Reached skill level 5 in Bows
  3869 | D:9      | Reached skill level 5 in Crossbows
  3869 | D:9      | Reached skill level 5 in Throwing
  3869 | D:9      | Reached skill level 5 in Stealth
  3869 | D:9      | Reached skill level 5 in Shields
  3869 | D:9      | Reached skill level 5 in Unarmed Combat
  3869 | D:9      | Reached skill level 5 in Conjurations
  3869 | D:9      | Reached skill level 5 in Hexes
  3869 | D:9      | Reached skill level 5 in Summonings
  3869 | D:9      | Reached skill level 5 in Necromancy
  3869 | D:9      | Reached skill level 5 in Translocations
  3869 | D:9      | Reached skill level 5 in Transmutations
  3869 | D:9      | Reached skill level 5 in Fire Magic
  3869 | D:9      | Reached skill level 5 in Ice Magic
  3869 | D:9      | Reached skill level 5 in Air Magic
  3869 | D:9      | Reached skill level 5 in Earth Magic
  3869 | D:9      | Reached skill level 5 in Poison Magic
  3869 | D:9      | Reached skill level 5 in Invocations
  3869 | D:9      | Reached skill level 5 in Evocations
  4419 | D:8      | Noticed Joseph
  4449 | D:8      | Killed Joseph
  4847 | D:10     | Entered Level 10 of the Dungeon
  5161 | D:7      | Got a faintly glowing dagger
  5162 | D:7      | Identified the +4 dagger of Vuwkut {flame, *Slow rF+ Str+2 Stlth+} (You found it on level 7 of the Dungeon)
  5497 | D:5      | Got a jewelled quarterstaff
  5498 | D:5      | Identified the +3 quarterstaff of Turmoil {crush, Str+4} (You found it on level 5 of the Dungeon)
  5700 | D:5      | Noticed Duvessa
  5702 | D:5      | Noticed Dowan
  5709 | D:5      | Killed Dowan
  5717 | D:5      | Killed Duvessa
  5744 | D:5      | Found an ornate altar of the Wu Jian Council.
  5836 | D:4      | Noticed Pikel
  5846 | D:4      | Killed Pikel
  5846 | D:4      | Reached XP level 11. HP: 74/84 MP: 22/22
  6459 | D:10     | Found a staircase to the Lair.
  6759 | D:9      | Bought the +5 quick blade of Exquisite Death {flame, Dex+4} for 808 gold pieces
  6781 | Lair:1   | Entered Level 1 of the Lair of Beasts
  7615 | Lair:3   | Noticed Prince Ribbit
  7637 | Lair:3   | Killed Prince Ribbit
  7751 | Lair:3   | Noticed Harold
  7936 | Lair:3   | Reached XP level 12. HP: 93/93 MP: 18/24
  8063 | Lair:2   | Found a staircase to the Snake Pit.
  8146 | D:10     | Noticed a two-headed ogre
  8155 | D:10     | Killed a two-headed ogre
  8211 | D:10     | Noticed Fannar
  8241 | D:10     | Killed Fannar
  8334 | D:10     | Noticed Urug
  8364 | D:10     | Killed Urug
  9433 | D:12     | Noticed a two-headed ogre
  9447 | D:12     | Killed a two-headed ogre
  9821 | D:12     | Found a staircase to the Orcish Mines.
  9834 | Orc:1    | Entered Level 1 of the Orcish Mines
  9834 | Orc:1    | Noticed an ettin
  9838 | Orc:1    | Killed an ettin
  9838 | Orc:1    | Reached skill level 10 in Charms
 10048 | Orc:1    | Noticed Josephine
 10061 | Orc:1    | Killed Josephine
 10069 | Orc:1    | Reached XP level 13. HP: 36/101 MP: 14/26
 10480 | Orc:2    | Entered Level 2 of the Orcish Mines
 10480 | Orc:2    | Found a staircase to the Elven Halls.
 10770 | Orc:2    | Noticed Rupert
 10878 | Orc:2    | Noticed Azrael
 11068 | D:12     | Identified the Compendium of Dislocated Aid
 11285 | D:11     | Bought a +0 pair of gloves of strength for 172 gold pieces
 11285 | D:11     | Bought the cursed +0 pair of boots "Tyliyjij" {rPois rN+ Int+4 Dex+2} for 442 gold pieces
 11285 | D:11     | Bought a +1 buckler of protection for 247 gold pieces
 11618 | Lair:2   | Found a staircase to the Shoals.
 11648 | Shoals:1 | Entered Level 1 of the Shoals
 12255 | Lair:3   | Killed Harold
 12788 | Lair:4   | Learned a level 2 spell: Swiftness
 13377 | Lair:6   | Entered Level 6 of the Lair of Beasts
 13394 | Lair:6   | Reached skill level 10 in Spellcasting
 13461 | Lair:6   | Reached XP level 14. HP: 72/109 MP: 16/28
 13698 | Lair:6   | Reached skill level 10 in Fighting
 13698 | Lair:6   | Reached skill level 10 in Polearms
 13698 | Lair:6   | Reached skill level 10 in Dodging
 13735 | Lair:6   | Found a shadowy altar of Dithmenos.
 13898 | Lair:6   | Found a large runed door.
 13900 | Lair:6   | Found a large runed door.
 14088 | Lair:6   | Got a scorched falchion
 14089 | Lair:6   | Identified the +1 falchion of Judgement {pain, rC+ MR++ Int+3} (You found it on level 6 of the Lair of Beasts)
 15219 | Lair:4   | Identified a scroll of acquirement
 15222 | Lair:4   | Identified the amulet of Luseviu {Reflect rElec Int+4 Dex+3 SH+6} (You acquired it on level 4 of the Lair of Beasts)
 15424 | Lair:4   | Noticed Snorg
 15434 | Lair:4   | Killed Snorg
 15538 | Lair:4   | Reached XP level 15. HP: 96/117 MP: 6/29
 15878 | Snake:1  | Entered Level 1 of the Snake Pit
 15998 | Shoals:1 | Reached skill level 10 in Armour
 16018 | Shoals:1 | Bought the +5 robe of Night {Dark MR+ SInv} for 780 gold pieces
 16018 | Shoals:1 | Found the +5 robe of Night {Dark MR+ SInv}
 16038 | Shoals:1 | Bought the +2 cloak of the Thief {+Fog Slay-2 SInv Stlth+} for 261 gold pieces
 16038 | Shoals:1 | Found the +2 cloak of the Thief {+Fog Slay-2 SInv Stlth+}
 16255 | Shoals:2 | Identified the ring "Addye" {rN++ Str+3 Slay+2} (You found it on level 2 of the Shoals)
 16345 | Shoals:2 | Found a frozen archway.
 16387 | IceCv    | Entered an ice cave
 17068 | Shoals:3 | Reached skill level 10 in Short Blades
 17068 | Shoals:3 | Reached skill level 10 in Long Blades
 17068 | Shoals:3 | Reached skill level 10 in Axes
 17068 | Shoals:3 | Reached skill level 10 in Maces & Flails
 17068 | Shoals:3 | Reached skill level 10 in Staves
 17068 | Shoals:3 | Reached skill level 10 in Slings
 17068 | Shoals:3 | Reached skill level 10 in Bows
 17068 | Shoals:3 | Reached skill level 10 in Crossbows
 17068 | Shoals:3 | Reached skill level 10 in Throwing
 17068 | Shoals:3 | Reached skill level 10 in Stealth
 17068 | Shoals:3 | Reached skill level 10 in Shields
 17068 | Shoals:3 | Reached skill level 10 in Unarmed Combat
 17068 | Shoals:3 | Reached skill level 10 in Conjurations
 17068 | Shoals:3 | Reached skill level 10 in Hexes
 17068 | Shoals:3 | Reached skill level 10 in Summonings
 17068 | Shoals:3 | Reached skill level 10 in Necromancy
 17068 | Shoals:3 | Reached skill level 10 in Translocations
 17068 | Shoals:3 | Reached skill level 10 in Transmutations
 17068 | Shoals:3 | Reached skill level 10 in Fire Magic
 17068 | Shoals:3 | Reached skill level 10 in Ice Magic
 17068 | Shoals:3 | Reached skill level 10 in Air Magic
 17068 | Shoals:3 | Reached skill level 10 in Earth Magic
 17068 | Shoals:3 | Reached skill level 10 in Poison Magic
 17068 | Shoals:3 | Reached skill level 10 in Invocations
 17068 | Shoals:3 | Reached skill level 10 in Evocations
 17247 | Shoals:4 | Entered Level 4 of the Shoals
 17316 | Shoals:4 | HP: 5/118 [harpy (9)]
 17346 | Shoals:4 | Drowned by a drowned soul

Vault maps used:
D:1:      dpeg_arrival_snail
D:2:      first_bread, uniq_natasha
D:3:      chequers_ecumenical_altar_island, minmay_misc_feat_x
D:4:      lemuel_coloured_pillars_altar, minitemple, serial_shops, shop,
          enter_ossuary_2, gup_sewer_entry_spiral, minivault_19,
          roderic_lattice_a, uniq_blork_the_orc, uniq_menkaure, uniq_pikel,
          uniq_crazy_yiuf_cottage
D:5:      overflow_temple_1_default, uniq_duvessa
D:6:      grunt_temple_overflow_octagram, st_stairs_4
D:7:      minmay_temple_entry_junction, the_bakery, okawaru_trees_2
D:8:      uniq_joseph
D:9:      fedhas_altar_2
D:10:     lair_entry_dummy, minmay_misc_feat_hallway, uniq_urug, uniq_fannar
D:12:     kennysheep_spiral_hall, david_orc_4, basic_altar, st_stairs_6
Lair:1:   mumra_transporter_accident
Lair:2:   minmay_shoals_entry_centaurs, guppyfry_snake_entry_garden
Lair:3:   beast_lair_carwin_4, uniq_harold, uniq_prince_ribbit2
Lair:4:   lemuel_fruit_tree, grunt_megastairs_2, uniq_snorg
Lair:6:   cheibrodos_lair_end_hotspot, slime_altar_1, basic_altar, minivault_11,
          hibernation_bobbens
Shoals:1: uniq_nikola, uniq_louise
Shoals:2: portal_ice_cave_entry_ice_statue_one, serial_shops, shop,
          yaktaur_hedge
Shoals:3: serial_shops, shop, nicolae_shoals_stone_sculpture_thing,
          hangedman_shoals_cup_caves, uniq_polyphemus
Shoals:4: shoals_end_simple, shoal_ilsuiw, nicolae_shoals_water_shrine
Snake:1:  nicolae_snake_round_shape_thing, uniq_aizul
Orc:1:    uniq_josephine
Orc:2:    st_orc_mages, uniq_rupert, uniq_azrael
Ossuary:  ossuary_kennysheep_city_of_the_dead
IceCv:    ice_cave_statue_garden_chambered

Skill      XL: |  1  2  3  4  5  6  7  8  9 10 11 12 13 14 15 |
---------------+----------------------------------------------+-----
Spellcasting   | 5 6 7 8 9 10 11 | 11.1
Short Blades   | 1 2 3 4 5 6 7 8 9 10 | 10.1
Long Blades    | 1 2 3 4 5 6 7 8 9 10 | 10.1
Axes           | 1 2 3 4 5 6 7 8 9 10 | 10.1
Maces & Flails | 1 2 3 4 5 6 7 8 9 10 | 10.1
Staves         | 1 2 3 4 5 6 7 8 9 10 | 10.1
Slings         | 1 2 3 4 5 6 7 8 9 10 | 10.1
Bows           | 1 2 3 4 5 6 7 8 9 10 | 10.1
Crossbows      | 1 2 3 4 5 6 7 8 9 10 | 10.1
Throwing       | 1 2 3 4 5 6 7 8 9 10 | 10.1
Stealth        | 1 2 3 4 5 6 7 8 9 10 | 10.1
Shields        | 1 2 3 4 5 6 7 8 9 10 | 10.1
Unarmed Combat | 1 2 3 4 5 6 7 8 9 10 | 10.1
Conjurations   | 1 2 3 4 5 6 7 8 9 10 | 10.1
Hexes          | 1 2 3 4 5 6 7 8 9 10 | 10.1
Summonings     | 1 2 3 4 5 6 7 8 9 10 | 10.1
Necromancy     | 1 2 3 4 5 6 7 8 9 10 | 10.1
Translocations | 1 2 3 4 5 6 7 8 9 10 | 10.1
Transmutations | 1 2 3 4 5 6 7 8 9 10 | 10.1
Fire Magic     | 1 2 3 4 5 6 7 8 9 10 | 10.1
Ice Magic      | 1 2 3 4 5 6 7 8 9 10 | 10.1
Air Magic      | 1 2 3 4 5 6 7 8 9 10 | 10.1
Earth Magic    | 1 2 3 4 5 6 7 8 9 10 | 10.1
Poison Magic   | 1 2 3 4 5 6 7 8 9 10 | 10.1
Invocations    | 1 2 3 4 5 6 7 8 9 10 | 10.1
Evocations     | 1 2 3 4 5 6 7 8 9 10 | 10.1
Armour         | 3 4 5 6 7 8 9 10 | 10.4
Fighting       | 5 6 7 8 9 10 11 | 11.0
Polearms       | 5 6 7 8 9 10 11 | 11.0
Dodging        | 5 6 7 8 9 10 11 | 11.0
Charms         | 7 8 9 10 11 | 11.8

Action                   |  1- 3 |  4- 6 |  7- 9 | 10-12 | 13-15 || total
-------------------------+-------+-------+-------+-------+-------++-------
Melee: Spear             |    53 |   176 |   341 |   203 |       ||   773
       Bite              |     2 |    19 |    29 |   123 |   313 ||   486
       Punch             |       |     1 |       |       |       ||     1
       Quarterstaff      |       |       |       |    75 |       ||    75
       Dagger            |       |       |       |    18 |       ||    18
       Quick blade       |       |       |       |   504 |  1415 ||  1919
Throw: Javelin           |       |       |       |       |     4 ||     4
 Cast: Infusion          |     4 |     4 |    18 |    24 |    36 ||    86
       Regeneration      |     2 |     7 |    17 |    20 |    41 ||    87
       Spectral Weapon   |       |     5 |    23 |    45 |    58 ||   131
       Shroud of Golubri |       |       |     4 |    12 |    20 ||    36
       Song of Slaying   |       |       |     1 |     8 |    17 ||    26
       Swiftness         |       |       |       |       |     1 ||     1
Invok: Call Merchant     |       |       |       |     1 |     2 ||     3
       Potion Petition   |       |       |       |       |     1 ||     1
 Abil: Evoke Flight      |       |       |       |       |     2 ||     2
       Evoke Fog         |       |       |       |       |     2 ||     2
Evoke: Wand              |       |       |     3 |     4 |    38 ||    45
       Lamp of fire      |       |       |       |     1 |     2 ||     3
       Sack of spiders   |       |       |       |       |     2 ||     2
  Use: Scroll            |       |     4 |     6 |     4 |    15 ||    29
       Potion            |       |     4 |       |     1 |       ||     5
 Stab: Distracted        |       |     1 |       |    11 |    25 ||    37
       Sleeping          |       |       |     6 |    15 |     8 ||    29
       Paralysed         |       |       |     6 |     2 |       ||     8
  Eat: Royal jelly       |       |     1 |       |     3 |     3 ||     7
       Chunk             |       |       |     4 |       |       ||     4
       Fruit             |       |       |     4 |     8 |     5 ||    17
       Meat ration       |       |       |     1 |     2 |     4 ||     7
Armor: Leather armour    |     4 |       |       |    28 |       ||    32
       Ring mail         |       |    15 |    26 |       |       ||    41
       Robe              |       |       |    15 |    18 |    44 ||    77
       Chain mail        |       |       |       |    60 |   137 ||   197
Dodge: Dodged            |    30 |    77 |   151 |   298 |   383 ||   939
Block: Buckler           |       |       |    24 |   116 |   373 ||   513
       Reflection        |       |       |       |       |    17 ||    17

Table legend:
 A = Spawn XP
 B = Non-spawn XP
 C = Spawn XP percentage of total XP
 D = Spawn monster count
 E = Non-spawn monster count
 F = Spawn count percentage of total count
 G = Total turns spent on level
                    A         B        C        D         E        F      G
               +---------+---------+-------+---------+---------+-------+---------
         Total |       0 |  115317 |   0.0 |       0 |     620 |   0.0 | 17346
               +---------+---------+-------+---------+---------+-------+---------
           D:1 |       0 |       7 |   0.0 |       0 |       4 |   0.0 |   142
           D:2 |       0 |      91 |   0.0 |       0 |      17 |   0.0 |   350
           D:3 |       0 |     183 |   0.0 |       0 |      27 |   0.0 |   694
           D:4 |       0 |    1474 |   0.0 |       0 |      34 |   0.0 |  1162
           D:5 |       0 |     858 |   0.0 |       0 |      15 |   0.0 |   776
           D:6 |       0 |     598 |   0.0 |       0 |      10 |   0.0 |   338
           D:7 |       0 |    1684 |   0.0 |       0 |      27 |   0.0 |   654
           D:8 |       0 |    1686 |   0.0 |       0 |      29 |   0.0 |   909
           D:9 |       0 |    2948 |   0.0 |       0 |      28 |   0.0 |   872
          D:10 |       0 |    5012 |   0.0 |       0 |      22 |   0.0 |  1071
          D:11 |       0 |     572 |   0.0 |       0 |      16 |   0.0 |   620
          D:12 |       0 |    5945 |   0.0 |       0 |      54 |   0.0 |   797
        Lair:1 |       0 |     686 |   0.0 |       0 |       5 |   0.0 |   693
        Lair:2 |       0 |    5524 |   0.0 |       0 |      27 |   0.0 |  1204
        Lair:3 |       0 |    8285 |   0.0 |       0 |      20 |   0.0 |   926
        Lair:4 |       0 |    8452 |   0.0 |       0 |      17 |   0.0 |  1066
        Lair:5 |       0 |   11517 |   0.0 |       0 |      30 |   0.0 |   871
        Lair:6 |       0 |   20564 |   0.0 |       0 |      64 |   0.0 |  1107
      Shoals:1 |       0 |    5136 |   0.0 |       0 |      11 |   0.0 |   329
      Shoals:2 |       0 |    3950 |   0.0 |       0 |       7 |   0.0 |   203
      Shoals:3 |       0 |    7908 |   0.0 |       0 |      18 |   0.0 |   350
      Shoals:4 |       0 |    1813 |   0.0 |       0 |       5 |   0.0 |    99
       Snake:1 |       0 |     436 |   0.0 |       0 |       1 |   0.0 |    21
         Orc:1 |       0 |    5281 |   0.0 |       0 |      40 |   0.0 |   789
         Orc:2 |       0 |    6684 |   0.0 |       0 |      56 |   0.0 |   372
       Ossuary |       0 |     420 |   0.0 |       0 |      14 |   0.0 |   496
         IceCv |       0 |    7603 |   0.0 |       0 |      22 |   0.0 |   435
               +---------+---------+-------+---------+---------+-------+---------
